 Dungeon Crawl Stone Soup version 0.18-a0-775-g4d9e04e (webtiles) character file.

109 Gorice the Skirmisher (level 4, 0/33 HPs)
             Began as an Octopode Wanderer on Dec 13, 2015.
             Succumbed to an adder's poison
             ... on level 3 of the Dungeon.
             The game lasted 00:11:40 (1705 turns).

Gorice the Skirmisher (Octopode Wanderer)           Turns: 1705, Time: 00:11:40

Health: 0/33       AC:  1    Str: 12    XL:     4   Next: 89%
Magic:  4/4        EV: 16    Int: 12    God:
Gold:   94         SH:  0    Dex: 18    Spells: 0 memorised, 3 levels left

rFire  . . .     SeeInvis .     b - +2 shortbow
rCold  . . .     Clarity  .     (shield currently unavailable)
rNeg   . . .     SustAt   .     (helmet restricted)
rPois  .         Gourm    .     (no amulet)
rElec  .         Spirit   .     Y - ring of teleportation (curse)
rCorr  .         Dismiss  .     (no ring)
rMut   .         Rnd*Tele +     (no ring)
MR     .....                    (no ring)
Stlth  +++++.....               (no ring)
                                (no ring)
                                (no ring)
                                (no ring)

@: agile, lethally poisoned (0 -> -12), very slightly contaminated, invisible,
not resistant to hostile enchantments, quite stealthy
A: almost no armour, amphibious, 8 rings, constrict 8, camouflage 1, gelatinous
body 1
a: Evoke Teleportation


You were on level 3 of the Dungeon.
You were not hungry.

You visited 1 branch of the dungeon, and saw 3 of its levels.

You collected 94 gold pieces.

Inventory:

Hand Weapons
 a - a +2 dagger of venom
   (You took it off a goblin on level 2 of the Dungeon)
 b - a +2 shortbow (weapon)
 h - a +0 dagger of holy wrath
   (You took it off a kobold on level 1 of the Dungeon)
 i - a +0 whip
 p - a +0 dagger of protection
   (You took it off a goblin on level 2 of the Dungeon)
Missiles
 t - 5 arrows (quivered)
 Z - 107 stones
Jewellery
 m - an uncursed ring of ice
 Y - a cursed ring of teleportation (left tentacle)
Scrolls
 d - 5 scrolls of teleportation {!r}
 e - a scroll of amnesia
Potions
 j - a potion of resistance {!q}
 l - 2 potions of flight
 o - 2 potions of might {!q}
Books
 c - Inanlaw's Handbook of Battle Magic

   Spells                             Type                      Level
   a - Flame Tongue                   Conjuration/Fire             1
   b - Stone Arrow                    Conjuration/Earth            3
Comestibles
 f - 2 bread rations {!e}
 g - a chunk of flesh
 n - a slice of pizza
 q - a meat ration {!e}


   Skills:
 + Level 3.8 Fighting
 * Level 3.6 Bows
 - Level 1.0 Throwing
 + Level 2.8 Stealth
   Level 2.0 Air Magic
   Level 1.0 Earth Magic
 - Level 1.1 Evocations


You had 3 spell levels left.
You didn't know any spells.

Dungeon Overview and Level Annotations

Branches:
Dungeon (3/15)

Altars:
Nemelex Xobeh


Innate Abilities, Weirdness & Mutations

You cannot wear most types of armour.
You are amphibious.
You can wear up to eight rings at the same time.
You can use your tentacles to constrict eight enemies at once.
Your skin changes colour to match your surroundings (Stealth).
Your rubbery body absorbs attacks (AC +1).


Message History

You are no longer poisoned.
Damage: 4 (max 4)
You start resting.
Some of the chunks of flesh in your inventory have rotted away.
You are suddenly yanked towards a nearby monster!
Your surroundings suddenly seem different.
The adder bites you but does no damage.
Unknown command.
Firing (i - inventory. (,) - cycle):
t - 8 arrows (quivered)
Press: ? - help, Shift-Dir - straight line, f - adder
Aim: an adder You shoot an arrow.
The arrow hits the adder.
The adder is lightly wounded.
The adder bites you.
Damage: 3 (max 3) Firing (i - inventory. (,) - cycle):
t - 7 arrows (quivered)
Press: ? - help, Shift-Dir - straight line, f/p - adder
Aim: an adder (lightly wounded)
You shoot an arrow. The arrow misses the adder.
The adder bites you.
* * * LOW HITPOINT WARNING * * *
You are poisoned.
The adder poisons you! The adder bites you.
* * * LOW HITPOINT WARNING * * *
You are lethally poisoned!
The adder poisons you!
Damage: 6 (max 6) Firing (i - inventory. (,) - cycle):
t - 6 arrows (quivered)
Press: ? - help, Shift-Dir - straight line, f/p - adder
Aim: an adder (lightly wounded)
You shoot an arrow. The arrow hits the adder.
The adder is moderately wounded.
* * * LOW HITPOINT WARNING * * *
You feel sick. The adder bites you.
* * * LOW HITPOINT WARNING * * *
You are more poisoned.
The adder poisons you!
Damage: 5 (max 6) Drink which item? (? for menu, Esc to quit)
It was a potion of invisibility.
You fade into invisibility!
* * * LOW HITPOINT WARNING * * *
You feel sick. The adder closely misses you. The adder closely misses you.
You are very lightly contaminated with residual magic.
Drink which item? (? for menu, Esc to quit)
It was a potion of agility.
You feel agile all of a sudden.
* * * LOW HITPOINT WARNING * * *
You feel sick. The adder barely misses you.
Damage: 1 (max 6)
You die...

###################
#.................
#.##.#..†(.......
###.##.#.#####....##.#
.....#.#.# #S....#
.##..#.#.# #.#
.##......# #@#
..#......# #.......#
.........# ###.#.#.#
..##.#.#.# #.#.#
.###....... ..# #
.#####.#.### ###
....>......
.###.....### .#
........


You could see an adder.

Vanquished Creatures
  Robin (D:1)
  A gnoll (D:1)
  3 adders
  2 worms (D:2)
  2 giant geckos
  2 giant cockroaches
  13 goblins
  14 hobgoblins
  2 jackals (D:1)
  8 kobolds
  A quokka (D:2)
  4 bats (D:2)
  A giant newt (D:1)
  4 rats
58 creatures vanquished.

Notes
Turn   | Place    | Note
--------------------------------------------------------------
     0 | D:1      | Gorice the Octopode Wanderer began the quest for the Orb.
     0 | D:1      | Gorice set off with: a +2 shortbow, 26 arrows, Inanlaw's Handbook of Battle Magic, a scroll of teleportation {!r}, a bread ration {!e}
     0 | D:1      | Reached XP level 1. HP: 16/16 MP: 1/1
     0 | D:1      | Identified Inanlaw's Handbook of Battle Magic
    75 | D:1      | Reached skill level 1 in Stealth
    89 | D:1      | Reached XP level 2. HP: 21/21 MP: 2/2
   256 | D:1      | Found a sparkling altar of Nemelex Xobeh.
   299 | D:1      | Reached XP level 3. HP: 26/26 MP: 3/3
   441 | D:1      | Reached skill level 3 in Bows
   901 | D:2      | Reached skill level 2 in Stealth
   999 | D:2      | Noticed Robin
  1017 | D:1      | Killed Robin
  1017 | D:1      | Reached XP level 4. HP: 27/31 MP: 4/4
  1598 | D:3      | HP: 9/33 [poisoned by an adder]
  1605 | D:3      | HP: 8/33 [poisoned by an adder]
  1613 | D:3      | HP: 7/33 [poisoned by an adder]
  1701 | D:3      | HP: 9/33 [adder (4)]
  1702 | D:3      | HP: 2/33 [adder (3)]
  1705 | D:3      | Succumbed to an adder's poison

Vault maps used:
D:1:      dpeg_arrival_radiant, nemelex_diamond_rough_becter
D:2:      first_bread, uniq_robin
D:3:      lemuel_old_faithful, uniq_iyjb, uniq_jessica

Action                   |  1- 3 |  4- 6 || total
-------------------------+-------+-------++-------
 Fire: Shortbow          |    86 |    65 ||   151
  Use: Scroll            |     3 |     3 ||     6
       Potion            |       |     2 ||     2
  Eat: Chunk             |       |     2 ||     2

Table legend:
 A = Turns spent in this place as a percentage of turns spent in the entire game.
 B = Non-inter-level travel turns spent in this place as a percentage of non-inter-level travel turns spent in the entire game.
 C = Inter-level travel turns spent in this place as a percentage of turns spent in this place.
 D = Turns resting spent in this place as a percentage of non-inter-level travel turns spent in this place.
 E = Turns spent auto-exploring this place as a percentage of non-inter-level travel turns spent in this place.
 F = Non-inter-level travel turns spent in this place divided by the number of levels of this place that you've seen.
                   A       B       C       D       E      F
               +-------+-------+-------+-------+-------+----------------------
         Total | 100.0 | 100.0 |   0.5 |   0.7 |   4.6 | 241.3
       Dungeon | 100.0 | 100.0 |   0.5 |   0.7 |   4.6 | 241.3
               +-------+-------+-------+-------+-------+----------------------

Vault maps used:
D:1:      dpeg_arrival_radiant, nemelex_diamond_rough_becter
D:2:      first_bread, uniq_robin
D:3:      lemuel_old_faithful, uniq_iyjb, uniq_jessica
